Musa, lawful female human Valkyrie ------------ |....<.....| -------------------------------- #...........| |..............................-# ###|..........| |.------ --------------I.-----.|#######-..........| |.| |...|. |....)-.((|.|# ### --.--------- |.| |...|. |..|..|.((|.|# # |.- |...||------|..|(((|.|### |. ...|.|..|%!|%-----|.|# |.- | --|--.|..|%]|.|....|.|# |.| -|--..{..-|-|..|.|..).|.|### |.| |.............-|--.-....|.|# # -------|- |.|--- ---.----|--......|....|.|# ### |....>..| .|..| |.)..|..||----------|.|# # |.......| |.|..| |.|..|?!|....|#.|%%.-.|# ###|.......| |.|..| |.---|)*|....|..|%%.|.|# #-...[)..| |)-|------..{.---------|------.-# |.......| |.)[................)......)...|# |.......| -------------------------------- --------- Musa the Fighter Experience level: 7 Strength: 18/02 Dexterity: 13 Constitution: 18 Intelligence: 8 Wisdom: 8 Charisma: 9 Health: 0(69) Energy: 19(19) Def: 10 Gold: 1 Moves: 4705 Dungeon seed: u6y7QWotIudlZPga Game ID: Musa_1475776185 Your Inventory: Coins $ - a gold piece Weapons a - the blessed rustproof +1 Excalibur (weapon in hand) b - an uncursed +0 dagger l - an uncursed +0 orcish dagger t - 3 cursed +0 shuriken A - 24 uncursed +0 darts Q - 7 cursed -1 darts Armor e - an uncursed +3 small shield (being worn) r - an uncursed +0 studded leather armor z - an uncursed +0 orcish helm (being worn) N - an uncursed +1 mummy wrapping Y - an uncursed +0 elven mithril-coat (being worn) Comestibles C - an uncursed egg G - an uncursed tripe ration O - 2 uncursed fortune cookies Scrolls c - a cursed scroll of enchant armor d - an uncursed scroll of amnesia h - a cursed scroll of taming o - a blessed scroll of confuse monster s - a cursed scroll of confuse monster v - a cursed scroll of destroy armor x - an uncursed scroll of identify B - a cursed scroll of magic mapping D - a cursed scroll of punishment E - a cursed scroll of earth Potions f - an uncursed potion of extra healing P - a potion of holy water S - a cursed potion of levitation T - an uncursed potion of full healing W - an uncursed potion of object detection Rings j - an uncursed ring of slow digestion m - a cursed ring of polymorph Wands g - an uncursed wand of magic missile (0:5) i - a cursed wand of slow monster (0:6) k - a cursed wand of opening (0:5) u - a cursed wand of fire (0:6) M - an uncursed wand of digging (0:7) Tools p - an uncursed magic marker (0:57) H - an uncursed +0 unicorn horn I - 4 cursed tallow candles (0:200) J - an uncursed tin opener K - 5 uncursed tallow candles (0:200) L - an uncursed wax candle (0:400) R - an uncursed pair of lenses U - a blessed tallow candle (0:200) X - an uncursed mirror Z - 6 blessed wax candles (0:400) Gems n - an uncursed topaz stone q - an uncursed worthless piece of white glass y - an uncursed worthless piece of green glass Spells and supernatural/magical abilities: Name Level Category Fail Memory W - pray for help -- divine ? -- Your skills at the end: Fighting Skills Weapon Skills dagger [Basic] long sword [Skilled] Spellcasting Skills Final Attributes: You were devoutly aligned. You were cold resistant. You were level-drain resistant. You were blinded. You had automatic searching. You were stealthy. You were fast. You were unlucky. You are dead. Vanquished creatures: a ghost a large mimic a warg a tiger a watchman 2 gnome kings a black unicorn a raven a plains centaur 3 soldier ants an imp a water nymph a rock piercer a yellow light a shrieker 4 gnome lords 3 gnomish wizards 2 kobold mummies an elf zombie a little dog 2 dwarves a kobold shaman 2 rothes a rabid rat a monkey an orc zombie an iguana an acid blob a hobbit 3 hobgoblins 2 giant rats 25 gnomes 3 geckos 10 jackals a fox 3 kobolds 5 goblins 4 grid bugs 8 lichens 3 kobold zombies 8 newts 115 creatures vanquished. Voluntary challenges: You had been an atheist until turn 4547. You used a wielded weapon 116 times, starting on turn 5. You read items or engraved 3 times, starting on turn 2953. You never genocided any monsters. You never polymorphed an object. You never changed form. You used no wishes. You never split a pudding. You wrote Elbereth's name 2 times, starting on turn 2954. You violated your moral code, losing 16 points of alignment, starting on turn 4518. Dungeon overview: The Dungeons of Doom: levels 1 to 4 Level 1 a long staircase Level 2 a weapon shop Level 3 a scroll shop, a fountain stairs to The Gnomish Mines Level 4 The Gnomish Mines: levels 4 to 7 Level 4 stairs to The Dungeons of Doom Level 5 Level 6 Level 7 <- You were here many shops, a temple to Loki, some fountains, a sink History has recorded: On T:1 you entered the Dungeons of Doom to retrieve the Amulet of Yendor! On T:1026 you advanced to experience level 2. On T:1133 you reached level 2 of The Dungeons of Doom. On T:1134 you advanced to experience level 3. On T:1434 you advanced to experience level 4. On T:1500 you reached level 3 of The Dungeons of Doom. On T:1850 you reached level 4 of The Dungeons of Doom. On T:1899 you advanced to experience level 5. On T:1958 you reached level 1 of The Gnomish Mines. On T:2922 you advanced to experience level 6. On T:3457 you reached level 2 of The Gnomish Mines. On T:3758 you reached level 3 of The Gnomish Mines. On T:4224 you reached level 4 of The Gnomish Mines. On T:4238 you advanced to experience level 7. Score breakdown: Gold: 1 ( 1024 points) Experience: 7 levels (13645 points) Exploration: 7 levels ( 15.22%) (10954 points) Discoveries: 6 items ( 2.44%) ( 4685 points) Valuables value: (no points given unless you survive) Artifact value: 4000 (12253 points) Variety of kills: 41 monsters ( 10.76%) ( 9841 points) Turncount: 4705 turns (-1264 points) Survival: died (score multiplied by 80%) Total score: 40910 Latest messages: You hit the gnome king! The gnome king hits! You kill the gnome king! You see here a gnome king corpse. This gnome king corpse tastes terrible! You finish eating the gnome king corpse. You miss the incubus. The incubus zaps a marble wand! The bolt of lightning hits you! You are blinded by the flash! The bolt of lightning bounces! Wait! There's something there you can't see! You hear a nearby zap. The bolt of lightning hits you! (2x) Your moonstone ring turns to dust and vanishes! Your coral ring turns to dust and vanishes! Valkyrie, your life force is running out. You hit it. You miss it. You hear a nearby zap. The bolt of lightning hits you! You die... Final status: Farvel Musa the Valkyrie, killed by a bolt of lightning... You died in The Gnomish Mines on dungeon level 7 with 40910 points, and 1 piece of gold, after 4705 moves. You were level 7 with a maximum of 69 hit points when you died.